 Dungeon Crawl Stone Soup version 0.27-a0-512-g57cc695410 (webtiles) character file.

Game seed: 8279299919934834951

7308 HendSelp the Destroyer (level 10, -7/67 HPs)
             Began as a Red Draconian Conjurer on Mar 2, 2021.
             Was an Elder of Hepliaklqana.
             Mangled by Snorg (18 damage)
             ... on level 10 of the Dungeon on Mar 3, 2021.
             The game lasted 00:37:40 (13310 turns).

HendSelp the Destroyer (Red Draconian Conjurer)    Turns: 13310, Time: 00:37:41

Health: -7/67      AC: 11    Str: 10    XL:     10   Next: 90%
Magic:  1/23       EV: 13    Int: 20    God:    Hepliaklqana [****..]
Gold:   714        SH:  0    Dex: 10    Spells: 25/28 levels left

rFire    . . .     SeeInvis +   w - staff of conjuration
rCold    + . .     Faith    .   (no shield)
rNeg     + . .     Spirit   .   (armour unavailable)
rPois    +         Reflect  .   (helmet restricted)
rElec    .         Harm     .   u - +2 ratskin cloak {*Rats rPois rN+ Str-1 Int-1 Dex+1}
rCorr    .         Rampage  .   t - +0 pair of gloves
Will     .....                  (no boots)
Stlth    ++........             (no amulet)
HPRegen  0.21/turn              p - ring of ice
MPRegen  0.18/turn              y - ring of see invisible

@: short of breath
A: breathe fire, unfitting armour, reduced essence, fire resistance 1,
cold-blooded, AC +7
a: Breathe Fire, Renounce Religion, Recall Ancestor, Ancestor Identity,
Transference, Idealise


You were on level 10 of the Dungeon.
You worshipped Hepliaklqana.
Hepliaklqana was greatly pleased with you.
You visited 1 branch of the dungeon, and saw 10 of its levels.

You collected 714 gold pieces.

Inventory:

Hand Weapons
 m - a +3 dagger of speed
Missiles
 j - 3 javelins
 E - 2 atropa-tipped darts
Armour
 t - a +0 pair of gloves (worn)
 u - the +2 ratskin cloak (worn) {*Rats rPois rN+ Str-1 Int-1 Dex+1}
   (You found it on level 7 of the Dungeon)

   It affects your strength (-1).
   It affects your intelligence (-1).
   It affects your dexterity (+1).
   It protects you from poison.
   It protects you from negative energy.
Magical Staves
 w - a staff of conjuration (weapon)
Jewellery
 o - a +6 ring of dexterity
 p - a ring of ice (left hand)
 y - a ring of see invisible (right hand)
 C - a +6 ring of strength
Wands
 g - a wand of iceblast (5)
 r - a wand of random effects (33)
 D - a wand of paralysis (7)
Scrolls
 a - 2 scrolls of blinking
 h - 2 scrolls of fear
 i - 4 scrolls of teleportation
 s - a scroll of fog
 B - a scroll of amnesia {unknown}
 F - a scroll of enchant weapon
Potions
 b - 3 potions of lignification
 c - 4 potions of haste
 d - a potion of berserk rage {unknown}
 e - 6 potions of brilliance
 f - 3 potions of heal wounds {unknown}
 k - 2 potions of cancellation {unknown}
 l - 3 potions of curing
 n - a potion of attraction {unknown}
 q - 2 potions of invisibility {unknown}
 v - 2 potions of might {unknown}
 x - a potion of ambrosia {unknown}
 z - a potion of magic {unknown}
Miscellaneous
 A - a lightning rod (4/4)


   Skills:
 + Level 2.8 Fighting
 - Level 4.6 Short Blades
 + Level 4.6 Dodging
 - Level 1.7 Stealth
 - Level 0.2 Unarmed Combat
 * Level 9.7 Spellcasting
 * Level 10.6 Conjurations
 * Level 5.3 Invocations


You had 25 spell levels left.
You knew the following spells:

 Your Spells              Type           Power        Failure   Level
a - Magic Dart            Conj           100%         1%          1
b - Searing Ray           Conj           100%         1%          2

Your spell library contained the following spells:

 Spells                   Type           Power        Failure   Level
 Dazzling Flash           Conj/Hex       92%          2%          3
 Fulminant Prism          Conj/Hex       23%          9%          4
 Iskenderun's Mystic Bla  Conj/Tloc      46%          9%          4


Dungeon Overview and Level Annotations

Branches:
Dungeon (10/15)            Temple (0/1) D:6            Lair (0/6) D:9
    Orc: D:9-12

Altars:
Cheibriados
Elyvilon
Fedhas
Gozag
Hepliaklqana
Kikubaaqudgha
Makhleb
Nemelex Xobeh
Qazlal
Trog
Vehumet
Beogh

Shops:
D:7 !==   D:9 =

Annotations:
D:3 3 runed translucent doors, rageheart7's ghost, weakling DsWn
D:10 Snorg


Innate Abilities, Weirdness & Mutations

You can breathe blasts of fire.
Your fiery red scales are hard. (AC +7)
You cannot fit into any form of body armour.
Your flesh is heat resistant. (rF+)
You are cold-blooded and may be slowed by cold attacks.
Your life essence is reduced to manifest your ancestor. (-10% HP)


Message History

(Press . to maintain the ray.) Unknown command.
The searing ray hits Snorg!!
Snorg is heavily wounded.
Snorg goes berserk!
SendHelp hits Snorg with a +0 flail.
Unknown command.
The searing ray hits Snorg.
Snorg is heavily wounded.
Snorg closely misses you. Snorg claws you! Snorg misses you.
Snorg barely misses you. Snorg claws you. x2
Unknown command.
Blink to where?
Press: ? - help, Dir - move target, p - Snorg
As you read the scroll of blinking, it crumbles to dust.
SendHelp hits Snorg with a +0 flail!
SendHelp blocks Snorg's attack.
Snorg closely misses SendHelp.
Snorg claws SendHelp but does no damage.
Aiming: Paralyse
Press: ? - help, Shift-Dir - straight line, f - Snorg
Aim: Snorg (translocational energy, heavily wounded, berserk, ally target, chance to affect: 15%) Snorg resists with almost no effort.
SendHelp hits Snorg with a +0 flail!
Unknown command.
Casting: Searing Ray (safe; 1% risk of failure)
Confirm with . or Enter, or press ? or * to list all spells.
Aiming: Searing Ray (safe; 1% risk of failure)
Press: ? - help, Shift-Dir - straight line, f/p - Snorg
Aim: Snorg (severely wounded, berserk, ally target, 17% to evade)
You feel a surge of power!
The searing ray misses Snorg. (Press . to maintain the ray.) Unknown command.
Really fire in your ally SendHelp's direction?
Okay, then.
You stop channeling your searing ray.
Snorg bites you!!
* * * LOW HITPOINT WARNING * * *
Snorg claws you but does no damage. Snorg claws you.
* * * LOW HITPOINT WARNING * * *
Snorg closely misses you. Snorg claws you.
* * * LOW HITPOINT WARNING * * *
Snorg claws you!!
You die...

#.≈≈≈≈≈≈≈.# ....))...#
#...)### #)..# #.))#
######...#
........R#########
######
........T.........
......
.......)@.########
###### ########..# #..#
#..# #..#
######..###############
.......................
#######################


You could see the friendly SendHelp the knight and Snorg (berserk, ally target).

Vanquished Creatures
  An unseen horror (D:8)
  A cyclops (D:9)
  A troll (D:9)
  Prince Ribbit (D:8)
  An ice beast (D:8)
  A black bear (D:7)
  An orc warrior (D:9)
  4 necrophages
  An eye of draining (D:9)
  2 ogres
  4 centaurs
  3 phantoms
  3 bullfrogs
  2 scorpions
  20 wights
  2 howler monkeys (D:8)
  5 hounds
  A bullfrog skeleton (D:2)
  3 orc priests
  Crazy Yiuf (D:7)
  5 iguanas
  9 orc wizards
  3 hell rats (D:7)
  9 worker ants
  A killer bee zombie (D:8)
  A hound skeleton (D:7)
  Robin (D:4)
  8 adders
  5 gnolls (D:5)
  4 river rats (D:7)
  A shadow imp (D:9)
  3 ufetubi
  2 oozes
  An adder skeleton (D:6)
  3 worms
  A dart slug (D:1)
  2 leopard geckos
  45 orcs
  2 ball pythons
  6 giant cockroaches
  25 hobgoblins
  15 jackals
  5 kobolds
  5 quokkas
  6 bats
  8 frilled lizards
  42 goblins
  A quokka zombie (D:5)
  20 rats
297 creatures vanquished.

Vanquished Creatures (collateral kills)
  Harold (D:8)
  Psyche (D:10)
  A troll (D:9)
  An orc warrior (D:10)
  An ice beast (D:8)
  An ogre (D:4)
  A necrophage (D:7)
  A centaur (D:7)
  A wight (D:8)
  2 orc priests (D:4)
  2 hounds
  A bullfrog skeleton (D:5)
  4 orc wizards
  3 worker ants
  A hound skeleton (D:10)
  A mummy (D:8)
  5 gnolls
  2 adders
  An adder zombie (D:5)
  2 leopard geckos
  8 orcs
  A giant cockroach (D:7)
  5 goblins (D:5)
  7 hobgoblins
  A jackal (D:9)
  A quokka zombie (D:7)
  A rat (D:2)
57 creatures vanquished.

Vanquished Creatures (others)
  A knight (D:9)
  2 goblins (D:10)
  A fungus (D:3)
  2 plants (D:3)
6 creatures vanquished.

Grand Total: 360 creatures vanquished

Notes
Turn   | Place    | Note
-------+----------+-------------------------------------------
     0 | D:1      | HendSelp the Draconian Conjurer began the quest for the
                  | Orb.
     0 | D:1      | Reached XP level 1. HP: 14/14 MP: 3/3
   446 | D:1      | Reached XP level 2. HP: 20/20 MP: 0/5
   685 | D:1      | Learned a level 2 spell: Searing Ray
  1030 | D:2      | Reached XP level 3. HP: 26/26 MP: 2/6
  1160 | D:2      | Reached skill level 5 in Conjurations
  1420 | D:2      | Reached XP level 4. HP: 20/33 MP: 0/8
  1693 | D:2      | Found a hazy altar of Hepliaklqana.
  1701 | D:2      | Became a worshipper of Hepliaklqana the Forgotten
  2567 | D:3      | Reached XP level 5. HP: 34/34 MP: 6/9
  2700 | D:3      | Reached * piety under Hepliaklqana
  2753 | D:3      | Found a runed translucent gate.
  2754 | D:3      | Found a runed translucent gate.
  2755 | D:3      | Found a runed translucent gate.
  2759 | D:3      | Noticed rageheart7's ghost (weakling DsWn)
  3905 | D:3      | Upgraded the game from 0.27-a0-498-g7ecbb0a48f to
                  | 0.27-a0-512-g57cc695410
  4020 | D:4      | Reached skill level 1 in Short Blades
  4020 | D:4      | Reached XP level 6. HP: 31/40 MP: 2/11
  4394 | D:4      | Reached skill level 6 in Conjurations
  4512 | D:4      | Reached ** piety under Hepliaklqana
  4513 | D:4      | Remembered your ancestor SendHelp as a knight
  4518 | D:4      | Noticed Robin
  4522 | D:4      | Killed Robin
  4568 | D:4      | Your scales start taking on a fiery red colour.
  4568 | D:4      | Reached XP level 7. HP: 14/45 MP: 2/13
  4568 | D:4      | Gained mutation: Your flesh is heat resistant. (rF+) [Red
                  | Draconian growth]
  5115 | D:5      | Entered Level 5 of the Dungeon
  5304 | D:5      | Found an opulent altar of Gozag.
  5482 | D:5      | Found a burning altar of Makhleb.
  5821 | D:5      | Reached skill level 5 in Spellcasting
  5965 | D:5      | Reached skill level 1 in Invocations
  6450 | D:5      | Found a sparkling altar of Nemelex Xobeh.
  6637 | D:6      | Reached skill level 7 in Conjurations
  6637 | D:6      | Reached XP level 8. HP: 52/52 MP: 7/16
  6718 | D:6      | Found a staircase to the Ecumenical Temple.
  7062 | D:6      | Reached skill level 1 in Fighting
  7462 | D:6      | Reached *** piety under Hepliaklqana
  8242 | D:7      | Found Jaess's Distillery.
  8442 | D:7      | Found Ugoc's Jewellery Shop.
  8458 | D:7      | Reached XP level 9. HP: 57/60 MP: 3/18
  8462 | D:7      | Reached skill level 8 in Conjurations
  8468 | D:7      | Found an ancient bone altar of Kikubaaqudgha.
  8795 | D:7      | Found the +2 ratskin cloak {*Rats rPois rN+ Str-1 Int-1
                  | Dex+1}
  9128 | D:7      | Found a runed translucent door.
  9129 | D:7      | Noticed Crazy Yiuf
  9259 | D:7      | Found Caqusmek's Jewellery Boutique.
  9584 | D:7      | Killed Crazy Yiuf
  9664 | D:8      | Killed an unseen horror
  9893 | D:8      | Found a white marble altar of Elyvilon.
  9940 | D:8      | Reached skill level 9 in Conjurations
 10057 | D:8      | Noticed Prince Ribbit
 10699 | D:8      | Killed Prince Ribbit
 10771 | D:8      | Reached XP level 10. HP: 66/66 MP: 19/22
 10962 | D:8      | Noticed Harold
 10979 | D:8      | Killed Harold
 11416 | D:8      | Found a snail-covered altar of Cheibriados.
 11755 | D:9      | Found Dijyl's Jewellery Boutique.
 11882 | D:9      | Reached skill level 10 in Conjurations
 12118 | D:9      | Reached **** piety under Hepliaklqana
 12364 | D:9      | Found a roughly hewn altar of Beogh.
 12464 | D:9      | Reached skill level 5 in Invocations
 12495 | D:9      | Noticed a cyclops
 12505 | D:9      | Killed a cyclops
 12882 | D:9      | Found an opulent altar of Gozag.
 12886 | D:9      | Found a stormy altar of Qazlal.
 12886 | D:9      | Found a bloodstained altar of Trog.
 12898 | D:9      | Found a radiant altar of Vehumet.
 12901 | D:9      | Found a blossoming altar of Fedhas.
 12944 | D:9      | Found a staircase to the Lair.
 13095 | D:10     | Entered Level 10 of the Dungeon
 13289 | D:10     | Noticed Psyche
 13297 | D:10     | Noticed Snorg
 13298 | D:10     | Killed Psyche
 13310 | D:10     | Mangled by Snorg

Illustrated notes

Levels and vault maps discovered:
D:1:      minmay_arrival_stair_chambers, layout_loops_cross,
          minmay_tiny_reverse_x
D:2:      layout_rooms, marbit_many_paths, corexii_hall_statues_x
D:3:      minmay_recursive_quarters, layout_basic,
          gammafunk_ghost_nasty_kobolds, hangedman_decor_points
D:4:      layout_loops_ring, uniq_robin
D:5:      minmay_goblin_kobold_castle, layout_rooms, hangedman_feature_mirror,
          nemelex_lonely_heart_becter
D:6:      layout_loops_corners, minmay_temple_entry_wispy,
          kennysheep_small_circle
D:7:      wander_guarded_unrand_ratskin, layout_loops_cross,
          nicolae_overflow_crystal_walls, serial_shops,
          nicolae_shop_behind_doors, shop, nicolae_shop_statue_plus,
          st_stairs_12, uniq_crazy_yiuf_cottage
D:8:      layout_basic, slow_altar_2, kennysheep_mini, uniq_prince_ribbit1,
          uniq_harold
D:9:      lemuel_ice_spiral_2, layout_basic, minmay_overflow_temple_star_hex,
          serial_shops, shop_fountains, special_room [special_room_orc],
          minmay_fractal_squares_gapless_5
D:10:     layout_long_grid, enter_bailey_3, hangedman_fish_farm, uniq_fannar,
          uniq_snorg, uniq_psyche

Skill      XL: |  1  2  3  4  5  6  7  8  9 10 |
---------------+-------------------------------+-----
Conjurations   | 5 6 7 9 10 | 10.6
Spellcasting   | 3 4 5 6 8 9 |  9.7
Dodging        | 2 3 4 |  4.6
Short Blades   | 1 2 3 4 |  4.6
Invocations    | 1 2 4 5 |  5.3
Fighting       | 1 2 |  2.8
Stealth        | |  1.7
Unarmed Combat | |  0.2

Action                   |  1- 3 |  4- 6 |  7- 9 | 10-12 || total
-------------------------+-------+-------+-------+-------++-------
Melee: Unarmed           |    28 |     2 |       |       ||    30
       Tailslap          |     1 |     2 |    18 |     5 ||    26
       Dagger            |       |    39 |   131 |       ||   170
       Staff             |       |       |    15 |    31 ||    46
 Cast: Magic Dart        |    60 |    98 |   198 |    80 ||   436
       Searing Ray       |       |    13 |    49 |    38 ||   100
Invok: Recall Ancestor   |       |     2 |       |       ||     2
       Ancestor Identity |       |     4 |       |       ||     4
       Ancestor Life: Kn |       |     1 |       |       ||     1
 Abil: Breathe Fire      |       |       |     4 |    11 ||    15
Evoke: Wand              |       |       |       |     1 ||     1
  Use: Scroll            |       |    12 |     1 |     2 ||    15
       Potion            |       |     2 |       |       ||     2
 Stab: Distracted        |       |       |     1 |       ||     1
Armor: Skin              |    11 |    23 |    80 |    22 ||   136
Dodge: Dodged            |    29 |    48 |   150 |    56 ||   283

Table legend: (Time is in decaauts)
 A = Elapsed time spent in this place.
 B = Non-inter-level travel time spent in this place.
 C = Inter-level travel time spent in this place.
 D = Time resting spent in this place.
 E = Time spent auto-exploring this place.
 F = Levels seen in this place.
 G = Mean time per level.
                   A        B        C        D        E       F      G
               +--------+--------+--------+--------+--------+-----+--------+
         Total |  13266 |  12868 |    398 |     80 |  10725 |  10 | 1326.6 |
       Dungeon |  13266 |  12868 |    398 |     80 |  10725 |  10 | 1326.6 |
               +--------+--------+--------+--------+--------+-----+--------+

Top non-repeatable levels by time:
     D:8: 1885 daAuts
     D:3: 1853 daAuts
     D:9: 1588 daAuts
     D:6: 1562 daAuts
     D:5: 1470 daAuts
     D:7: 1435 daAuts
     D:2: 1190 daAuts
     D:4: 1190 daAuts
     D:1: 875 daAuts
    D:10: 214 daAuts
